 Dungeon Crawl Stone Soup version 0.30-a0-782-ge64f9170bb (webtiles) character file.

Game seed: 9282715470410555510

100 BRD the Slasher (level 4, -3/35 HPs)
             Began as a Barachi Reaver on Feb 22, 2023.
             Slain by a gnoll
             ... wielding a +0 halberd
             ... led by a gnoll bouda
              (9 damage)
             ... on level 3 of the Dungeon.
             The game lasted 00:04:05 (1948 turns).

BRD the Slasher (Barachi Reaver)                    Turns: 1948, Time: 00:04:06

Health: -3/35      AC:  7    Str: 13    XL:     4   Next: 74%
Magic:  7/7        EV:  9    Int: 15    God:
Gold:   110        SH:  0    Dex: 11    Spells: 2/7 levels left

rFire   . . .      SeeInvis .    a - +0 falchion
rCold   . . .      Faith    .    (no shield)
rNeg    . . .      Spirit   .    q - +0 scale mail
rPois   .          Reflect  .    (no helmet)
rElec   .          Harm     .    (no cloak)
rCorr   .          Rampage  .    (no gloves)
Will    .....                    p - +0 pair of boots Stlth
                                 (no amulet)
HPRegen 0.25/turn                (no ring)
MPRegen 0.10/turn                (no ring)

@: slow
A: amphibious, slowness 1, strong legs 1, +LOS
a: Hop


You were on level 3 of the Dungeon.
You visited 1 branch of the dungeon, and saw 3 of its levels.

You collected 110 gold pieces.

Inventory:

Hand Weapons
 a - a +0 falchion (weapon)
Missiles
 u - 5 poisoned darts (quivered)
Armour
 p - a +0 pair of boots (worn)
 q - a +0 scale mail (worn)
Jewellery
 b - a ring of fire
Scrolls
 d - 2 scrolls of blinking {unknown}
 e - a scroll of vulnerability {unknown}
 f - a scroll of identify {unknown}
 g - a scroll of amnesia {unknown}
 h - a scroll of torment {unknown}
 j - a scroll of fear {unknown}
 l - 3 scrolls of immolation {unknown}
 m - a scroll of enchant weapon {unknown}
 o - a scroll of noise {unknown}
 r - a scroll of teleportation {unknown}
Potions
 c - a potion of degeneration {unknown}
 i - a potion of haste {unknown}
 k - a potion of berserk rage {unknown}
 n - a potion of curing
 s - 2 potions of mutation {unknown}
 t - a potion of brilliance {unknown}
 v - a potion of attraction {unknown}


   Skills:
 - Level 3.4 Fighting
 + Level 4.5 Long Blades
 - Level 2.2 Armour
 - Level 3.0 Dodging
 + Level 2.3 Spellcasting
 + Level 3.3 Conjurations
 + Level 0.3 Hexes


You had 2 spell levels left.
You knew the following spells:

 Your Spells              Type           Power      Damage    Failure   Level
a - Kiss of Death         Conj/Necr      24%        2d7       45%         1
b - Fulminant Prism       Conj/Hex       3%         3d5       99%         4

Your spell library contained the following spells:

 Spells                   Type           Power      Damage    Failure   Level
 Magic Dart               Conj           44%        1d5       26%         1
 Searing Ray              Conj           22%        2d5       36%         2
 Momentum Strike          Conj/Tloc      12%        3d8       58%         2
 Hailstorm                Conj/Ice       6%         3d4       83%         3
 Animate Armour           Summ/Erth      2%         N/A       100%        4
 Blade Hands              Tmut           0%         N/A       100%        5
 Iron Shot                Conj/Erth      3%         9d2       100%        6


Dungeon Overview and Level Annotations

Branches:
Dungeon (3/15)

Altars:

Shops:
D:2 (


Innate Abilities, Weirdness & Mutations

You are amphibious.
You cover ground slowly.
You can hop short distances.
You have an extended range of vision and can be seen from far away.


Message History

The gnoll hits you but does no damage. The gnoll hits you with a +0 club.
You hit the gnoll.
The gnoll is lightly wounded.
The gnoll hits you with a +0 spear.
The gnoll throws a stone.
The stone hits you but does no damage. The gnoll hits you with a +0 club.
You barely miss the gnoll.
The gnoll is lightly wounded.
The gnoll hits you but does no damage. The gnoll hits you with a +0 club.
You are too injured to fight recklessly!
You are too injured to fight recklessly!
It was a potion of curing.
You feel better.
A quokka comes into view.
The gnoll hits you with a +0 spear. The gnoll barely misses you.
You hit the gnoll.
The gnoll is heavily wounded.
The gnoll hits you from afar with a +0 halberd.
The gnoll hits you with a +0 spear.
* * * LOW HITPOINT WARNING * * *
The gnoll hits you with a +0 club.
* * * LOW HITPOINT WARNING * * *
You hit the gnoll.
The gnoll is almost dead.
The gnoll hits you but does no damage.
A quokka comes into view.
The gnoll hits you but does no damage.
You slash the gnoll!
You kill the gnoll!
The gnoll hits you from afar with a +0 halberd.
* * * LOW HITPOINT WARNING * * *
The gnoll hits you with a +0 spear.
* * * LOW HITPOINT WARNING * * *
The gnoll barely misses you.
The gnoll bouda hits you but does no damage.
The gnoll barely misses you.
You see here a +0 club.
You feel better.
The gnoll hits you from afar with a +0 spear.
* * * LOW HITPOINT WARNING * * *
The gnoll hits you from afar with a +0 halberd!
You die...

.###.#.##..##.##....##
.....#.. ....# #.....#
..#######....##.####.#
.....# .##...#
#.######### .###.# ###
#..# #.......... ## #
#...# #..###.....
...##.####..# #. ..
#.....## #.##@....#
#grg....# #gg###..#
#..rg #..# #..#. #..#
...##r #..# #### #.
#..# #. #..# # ..


You could see a gnoll bouda, 4 gnolls, 2 quokkas and a rat.

Vanquished Creatures
  A gnoll (D:3)
  5 adders
  A worm (D:3)
  7 bats
  An endoplasm (D:1)
  A giant cockroach (D:2)
  4 goblins
  4 hobgoblins
  2 kobolds
  2 quokkas (D:3)
  7 ball pythons
  3 frilled lizards
  4 rats
42 creatures vanquished.

Notes
Turn   | Place    | Note
-------+----------+-------------------------------------------
     0 | D:1      | BRD the Barachi Reaver began the quest for the Orb.
     0 | D:1      | Reached XP level 1. HP: 17/17 MP: 3/3
   167 | D:1      | Reached XP level 2. HP: 21/23 MP: 5/5
   342 | D:1      | Reached skill level 1 in Armour
   733 | D:2      | Reached skill level 4 in Long Blades
   733 | D:2      | Reached XP level 3. HP: 21/29 MP: 6/6
  1065 | D:2      | Found Ucufeumi's Antique Weapon Emporium.
  1149 | D:2      | Found a faded altar of an unknown god.
  1192 | D:2      | Reached XP level 4. HP: 35/35 MP: 7/7
  1699 | D:3      | Learned a level 4 spell: Fulminant Prism
  1948 | D:3      | Slain by a gnoll

Illustrated notes

Levels and vault maps discovered:
D:1:      dpeg_arrival_line_fractal, layout_loops_ring
D:2:      layout_basic, ebering_ecumenical_altar_petrified, serial_shops, shop,
          hex_medium
D:3:      layout_loops_ring, mainiacjoe_overflow_catwalk, minmay_vboxes

Skill      XL: |  1  2  3  4 |
---------------+-------------+-----
Armour         | 1 2 |  2.2
Fighting       | 3 |  3.4
Long Blades    | 4 |  4.5
Dodging        | 3 |  3.0
Spellcasting   | |  2.3
Conjurations   | |  3.3
Hexes          | |  0.3

Action                     |  1- 3 |  4- 6 || total
---------------------------+-------+-------++-------
  Melee: Falchion          |   100 |    50 ||   150
    Use: Potion            |       |     2 ||     2
 Armour: Leather armour    |    30 |       ||    30
         Scale mail        |    11 |    29 ||    40
  Dodge: Dodged            |    83 |    24 ||   107

Table legend: (Time is in decaauts)
 A = Elapsed time spent in this place.
 B = Non-inter-level travel time spent in this place.
 C = Inter-level travel time spent in this place.
 D = Time resting spent in this place.
 E = Time spent auto-exploring this place.
 F = Levels seen in this place.
 G = Mean time per level.
                   A        B        C        D        E       F      G
               +--------+--------+--------+--------+--------+-----+--------+
         Total |   2249 |   2170 |     79 |     84 |   1697 |   3 |  749.7 |
       Dungeon |   2249 |   2170 |     79 |     84 |   1697 |   3 |  749.7 |
               +--------+--------+--------+--------+--------+-----+--------+

Top non-repeatable levels by time:
     D:2: 1185 daAuts
     D:1: 720 daAuts
     D:3: 343 daAuts
